 Dungeon Sprint DCSS version 0.27-a0-1136-g0b992a5a9d (webtiles) character file.

Game seed: 16892717441385195555

9592 mhtbhm the Scorcher (level 11, -24/54 HPs)
             Began as a Deep Elf Fire Elementalist on May 4, 2021.
             Was the Champion of Vehumet.
             Blown up by a lich (78 damage)
             ... with an orb of destruction
             ... in the Dungeon (Sprint V: "Ziggurat Sprint").
             The game lasted 00:03:52 (1126 turns).

mhtbhm the Scorcher (Deep Elf Fire Elementalist)    Turns: 1126, Time: 00:03:53

Health: -24/54     AC:  9    Str:  5    XL:     11   Next: 25%
Magic:  21/33      EV: 33    Int: 37    God:    Vehumet [******]
Gold:   0          SH:  0    Dex: 18    Spells: 22/43 levels left

rFire    + . .     SeeInvis .   C - +8 lance "Wyrmbane" {slay drac, rPois rF+ rC+ AC+3}
rCold    + . .     Faith    .   (no shield)
rNeg     + . .     Spirit   .   a - +2 robe {Will+}
rPois    +         Reflect  .   (no helmet)
rElec    .         Harm     .   (no cloak)
rCorr    +         Rampage  .   (no gloves)
Will     +++..     NoTele   +   u - +1 pair of boots {Fly}
Stlth    ++++......             x - amulet of the acrobat
HPRegen  0.18/turn              w - ring of Naorairu {rN+ Will+ Int+6 Slay+2}
MPRegen  0.23/turn              s - ring of Vulipp {rCorr Int+7 Dex+3}

@: acrobatic, flying, studying Evocations
A: no striking features
a: Renounce Religion


You were in the Dungeon.
You worshipped Vehumet.
Vehumet was exalted by your worship.
You visited 1 branch

Inventory:

Hand Weapons
 C - the +8 lance "Wyrmbane" (weapon) {slay drac, rPois rF+ rC+ AC+3}
   (You found it in the Dungeon)

   It affects your AC (+3).
   It protects you from fire.
   It protects you from cold.
   It protects you from poison.
Missiles
 v - 4 throwing nets
Armour
 a - a +2 robe of willpower (worn)
 u - a +1 pair of boots of flying (worn)
Jewellery
 s - the ring of Vulipp (right hand) {rCorr Int+7 Dex+3}
   (You found it in the Dungeon)

   [ring of resist corrosion]

   It affects your intelligence (+7).
   It affects your dexterity (+3).
   It protects you from acid and corrosion.
 w - the ring of Naorairu (left hand) {rN+ Will+ Int+6 Slay+2}
   (You found it in the Dungeon)

   [ring of intelligence]

   It affects your intelligence (+6).
   It affects your accuracy and damage with ranged weapons and melee attacks
   (+2).
   It protects you from negative energy.
   It increases your willpower.
 x - an amulet of the acrobat (around neck)
Wands
 y - a wand of mindburst (7)
 z - a wand of iceblast (3)
 A - a wand of acid (7)
Scrolls
 h - 4 scrolls of blinking
 m - 4 scrolls of amnesia
 n - 7 scrolls of fog
 o - a scroll of holy word
 p - 5 scrolls of identify
 q - 2 scrolls of fear
 t - 4 scrolls of enchant weapon
Potions
 b - 2 potions of brilliance
 c - 10 potions of curing
 d - 10 potions of heal wounds
 e - 10 potions of haste
 f - 7 potions of magic
 g - 3 potions of berserk rage
 i - 2 potions of invisibility
 j - 4 potions of resistance
 k - a potion of experience
 l - 5 potions of might
Miscellaneous
 r - a phantom mirror
 B - a lightning rod (4/4)
 D - a condenser vane
 E - a box of beasts


   Skills:
 + Level 9.6 Dodging
 - Level 9.3 Stealth
 + Level 16.8 Spellcasting
 + Level 11.6 Conjurations
 + Level 18.7 Fire Magic
 + Level 9.3 Evocations


You had 22 spell levels left.
You knew the following spells:

 Your Spells              Type           Power      Damage    Failure   Level
a - Foxfire               Conj/Fire      100%       2x1d9     0%          1
b - Conjure Flame         Conj/Fire      97%        6-21      0%          3
c - Inner Flame           Hex/Fire       79%        N/A       1%          3
d - Sticky Flame          Conj/Fire      97%        2d11      0%          4
e - Fireball              Conj/Fire      48%        3d19      1%          5
f - Lee's Rapid Deconstr  Erth           15%        3d11*     9%          5

Your spell library contained the following spells:

 Spells                   Type           Power      Damage    Failure   Level
 Orb of Destruction       Conj           43%        9d14      2%          7
 Shock                    Conj/Air       100%       1d9       1%          1
 Passwall                 Tmut/Erth      25%        N/A       1%          2
 Static Discharge         Conj/Air       65%        N/A       1%          2
 Frozen Ramparts          Ice            62%        1d8       1%          3
 Lightning Bolt           Conj/Air       32%        1d50      1%          5
 Swiftness                Air            31%        N/A       3%          3
 Airstrike                Air            15%        N/A       3%          4
 Freezing Cloud           Conj/Ice/Air   28%        6-21      9%          6
 Ice Form                 Ice/Tmut       31%        N/A       11%         4
 Passage of Golubria      Tloc           N/A        N/A       11%         4
 Metabolic Englaciation   Hex/Ice        15%        N/A       30%         5
 Invisibility             Hex            31%        N/A       86%         6
 Borgnjor's Revivificati  Necr           15%        N/A       100%        8
 Infestation              Necr           15%        N/A       100%        8
 Necromutation            Tmut/Necr      15%        N/A       100%        8
 Death's Door             Necr           15%        N/A       100%        9


Dungeon Overview and Level Annotations

Branches:
Dungeon (1/1)

Altars:
Ashenzari
Cheibriados
Dithmenos
Elyvilon
Fedhas
Gozag
Hepliaklqana
Kikubaaqudgha
Makhleb
Nemelex Xobeh
Okawaru
Qazlal
Ru
Sif Muna
Trog
Uskayaw
Vehumet
Wu Jian
Xom
Yredelemnul
Zin
The Shining One
Beogh
Jiyva
Lugonu


Message History

You kill the necromancer!
Vehumet accepts your kill.
You feel your power returning.
The fireball engulfs something!!
Vehumet accepts your kill.
You feel your power returning.
You feel a bit more experienced.
The lich launches a ball of destructive magic.
Your Spellcasting skill gained 2 levels and is now at level 16!
Your Conjurations skill gained 2 levels and is now at level 10!
Your Fire Magic skill increases to level 18!
Your Evocations skill increases to level 9!
An orb of destruction comes into view.
Unknown command.
Unknown command.
Casting: Fireball (safe; 1% risk of failure)
Confirm with . or Enter, or press ? or * to list all spells.
Aiming: Fireball (safe; 1% risk of failure)
Press: ? - help, Shift-Dir - straight line, f - lich
Aim: a lich (moderately damaged, fast)
The fireball explodes!
The fireball engulfs the lich!!
The lich is severely damaged.
Unknown command.
Unknown command.
Unknown command.
Unknown command.
Casting: Fireball (safe; 1% risk of failure)
Confirm with . or Enter, or press ? or * to list all spells.
Aiming: Fireball (safe; 1% risk of failure)
Press: ? - help, Shift-Dir - straight line, f/p - lich
Aim: a lich (severely damaged, fast)
The fireball explodes!
The fireball engulfs the lich!!
You destroy the lich!
Vehumet accepts your kill.
You feel your power returning.
Your Conjurations skill increases to level 11!
You have reached level 11!
Unknown command.
Unknown command.
The orb of destruction hits you!!!!
Ouch! That really hurt!
You die...

▓..)})[)..▓
▓..):)!)..▓...)).[..▓
▓....°.)..▓..†††....▓
▓....○....▓.........▓
▓....○....▓....†....▓
▓....☼....▓.........▓
▓.....○...▓.▓.....▓.▓
▓.▓..○..▓.▓....©....▓
▓....@....▓▓▓▓▓▓▓▓▓▓▓
▓▓▓▓▓▓▓▓▓▓▓


There were no monsters in sight!

Vanquished Creatures
  2 liches (D)
  2 necromancers (D)
  4 cyclopes (D)
  A black mamba (D)
  A cane toad (D)
  6 merfolk (D)
  A vampire (D)
  A basilisk (D)
  A naga (D)
  2 water moccasins (D)
  3 centaurs (D)
  3 necrophages (D)
  4 phantoms (D)
  4 wights (D)
  3 quasits (D)
  An iguana (D)
  A mummy (D)
  3 adders (D)
  3 river rats (D)
  A white imp (D)
  An ufetubus (D)
  An adder zombie (D)
  3 adder skeletons (D)
  3 bat skeletons (D)
  A bat zombie (D)
  A jackal (D)
  2 ball python skeletons (D)
  A ball python zombie (D)
  A jackal skeleton (D)
  A quokka skeleton (D)
  2 quokka zombies (D)
64 creatures vanquished.

Notes
Turn   | Place    | Note
-------+----------+-------------------------------------------
     0 | D        | mhtbhm the Deep Elf Fire Elementalist began the quest for
                  | the Orb.
     0 | D        | Reached XP level 1. HP: 10/10 MP: 6/6
     0 | D        | Found a shimmering blue altar of Sif Muna.
     0 | D        | Found a bloodstained altar of Trog.
     0 | D        | Found a sacrificial altar of Ru.
     0 | D        | Found a stormy altar of Qazlal.
     0 | D        | Found an iron altar of Okawaru.
     1 | D        | Found a sparkling altar of Nemelex Xobeh.
     1 | D        | Found a blossoming altar of Fedhas.
     2 | D        | Found the +6 Majin-Bo {vamp, MP+6 Int+6}
     2 | D        | Found the +9 heavy crossbow "Sniper" {vorpal, Acc+∞ SInv}
     2 | D        | Found the +10 dark maul {vorpal}
     2 | D        | Found the +15 Maxwell's patent armour {-Cast -Tele rElec
                  | Will+ rCorr}
     2 | D        | Found the +18 shield of the Gong {rElec rN+ Will+ EV-5}
     2 | D        | Found the +14 obsidian axe {vorpal, Drain Fly SInv}
     2 | D        | Found the +7 great mace "Firestarter" {inner flame, rF++}
     2 | D        | Found the +6 shillelagh "Devastator" {shatter}
     2 | D        | Found the +11 plutonium sword {Contam Stlth-}
     2 | D        | Found the +8 lance "Wyrmbane" {slay drac, rPois rF+ rC+
                  | AC+3}
     2 | D        | Found the +9 sword of Zonguldrok {reap}
     2 | D        | Found the +13 scythe of Curses {drain, Drain}
     2 | D        | Found the +5 sword of Power {vorpal}
     2 | D        | Found the +7 mace of Variability {chain chaos}
     2 | D        | Found the +7 Singing Sword {vorpal, sonic wave}
     2 | D        | Found the +8 storm bow {elec, penet}
     3 | D        | Found a transporter.
     3 | D        | Found an ancient bone altar of Kikubaaqudgha.
     3 | D        | Found a viscous altar of Jiyva.
     3 | D        | Found a corrupted altar of Lugonu.
     3 | D        | Found a hazy altar of Hepliaklqana.
     3 | D        | Found a burning altar of Makhleb.
     3 | D        | Found an opulent altar of Gozag.
    35 | D        | Became a worshipper of Vehumet
    61 | D        | Entered arena 2.
    61 | D        | Found a transporter.
    65 | D        | Reached skill level 5 in Fire Magic
    65 | D        | Reached XP level 2. HP: 15/15 MP: 6/8
   216 | D        | Entered arena 3.
   216 | D        | Found a transporter.
   217 | D        | Reached * piety under Vehumet
   217 | D        | Offered knowledge of Magic Dart by Vehumet.
   219 | D        | Reached skill level 5 in Spellcasting
   219 | D        | Reached skill level 6 in Fire Magic
   219 | D        | Reached skill level 1 in Evocations
   219 | D        | Reached XP level 3. HP: 19/19 MP: 9/11
   223 | D        | Learned a level 3 spell: Conjure Flame
   227 | D        | Learned a level 3 spell: Inner Flame
   236 | D        | Entered arena 4.
   236 | D        | Noticed a phantom
   236 | D        | Noticed a necrophage
   236 | D        | Found a transporter.
   237 | D        | Reached ** piety under Vehumet
   239 | D        | Killed a necrophage
   239 | D        | Killed a phantom
   239 | D        | Reached *** piety under Vehumet
   240 | D        | Reached skill level 5 in Dodging
   240 | D        | Reached skill level 5 in Stealth
   240 | D        | Reached skill level 9 in Fire Magic
   240 | D        | Reached XP level 4. HP: 24/24 MP: 12/15
   240 | D        | Reached XP level 5. HP: 28/28 MP: 12/16
   245 | D        | Learned a level 4 spell: Sticky Flame
   251 | D        | Learned a level 5 spell: Fireball
   372 | D        | Entered arena 5.
   372 | D        | Noticed a phantom
   372 | D        | Found a transporter.
   373 | D        | Offered knowledge of Poisonous Vapours by Vehumet.
   374 | D        | Reached skill level 10 in Fire Magic
   374 | D        | Killed a phantom
   375 | D        | Reached skill level 11 in Fire Magic
   375 | D        | Reached XP level 6. HP: 32/32 MP: 8/19
   375 | D        | Reached **** piety under Vehumet
   469 | D        | Entered arena 6.
   469 | D        | Noticed a water moccasin
   469 | D        | Noticed a naga
   469 | D        | Found a transporter.
   471 | D        | Killed a water moccasin
   471 | D        | Killed a naga
   472 | D        | Reached skill level 12 in Fire Magic
   472 | D        | Reached XP level 7. HP: 36/36 MP: 13/22
   472 | D        | Reached ***** piety under Vehumet
   478 | D        | Got the ring of Vulipp {rCorr Int+7 Dex+3}
   554 | D        | Entered arena 7.
   554 | D        | Noticed a merfolk
   554 | D        | Noticed a merfolk
   554 | D        | Noticed a cyclops
   554 | D        | Noticed a cyclops
   554 | D        | Noticed a merfolk
   554 | D        | Noticed a cyclops
   556 | D        | Killed a cyclops
   556 | D        | Offered knowledge of Searing Ray by Vehumet.
   557 | D        | Reached skill level 10 in Spellcasting
   557 | D        | Reached skill level 13 in Fire Magic
   557 | D        | Killed a merfolk
   557 | D        | Killed a cyclops
   558 | D        | Reached skill level 14 in Fire Magic
   558 | D        | Reached skill level 5 in Evocations
   558 | D        | Reached XP level 8. HP: 41/41 MP: 15/25
   558 | D        | Killed a merfolk
   558 | D        | Killed a cyclops
   559 | D        | Reached skill level 5 in Conjurations
   559 | D        | Reached skill level 15 in Fire Magic
   559 | D        | Reached XP level 9. HP: 45/45 MP: 17/27
   560 | D        | Killed a merfolk
   635 | D        | Found a transporter.
   651 | D        | Got the ring of Naorairu {rN+ Will+ Int+6 Slay+2}
   676 | D        | Learned a level 5 spell: Lee's Rapid Deconstruction
   681 | D        | Entered arena 8.
   682 | D        | Offered knowledge of Dazzling Flash by Vehumet.
   682 | D        | Reached ****** piety under Vehumet
   684 | D        | Found a transporter.
   715 | D        | Entered arena 9.
   715 | D        | Noticed a merfolk
   715 | D        | Noticed a merfolk
   715 | D        | Noticed a cyclops
   715 | D        | Noticed a merfolk
   716 | D        | Identified the +9 trident "Muoc" {freeze, Drain Will++
                  | rCorr Int+4}
   717 | D        | Killed a cyclops
   718 | D        | Killed a merfolk
   719 | D        | Reached skill level 16 in Fire Magic
   719 | D        | Killed a merfolk
   719 | D        | Killed a merfolk
   720 | D        | Found a transporter.
   883 | D        | Entered arena 10.
   884 | D        | Offered knowledge of Ignite Poison by Vehumet.
   887 | D        | Reached XP level 10. HP: 50/50 MP: 19/29
   888 | D        | Found a transporter.
   957 | D        | Entered arena 11.
   957 | D        | Noticed a black mamba
   957 | D        | Noticed a cane toad
   958 | D        | Killed a cane toad
   960 | D        | Killed a black mamba
   961 | D        | Reached skill level 17 in Fire Magic
   961 | D        | Found a transporter.
  1075 | D        | Got the Grimoire of Ice
  1119 | D        | Entered arena 12.
  1119 | D        | Noticed a necromancer
  1119 | D        | Noticed a lich
  1120 | D        | Offered knowledge of Orb of Destruction by Vehumet.
  1121 | D        | Killed a necromancer
  1121 | D        | Noticed a lich
  1121 | D        | Noticed a necromancer
  1123 | D        | Killed a necromancer
  1123 | D        | Killed a lich
  1124 | D        | Reached skill level 10 in Conjurations
  1124 | D        | Reached skill level 18 in Fire Magic
  1125 | D        | Killed a lich
  1126 | D        | Reached XP level 11. HP: 54/54 MP: 21/33
  1126 | D        | Blown up by a lich

Illustrated notes

Levels and vault maps discovered:
D:        sprint_v [room_start, room_1, room_2, room_3, room_4, room_5, room_6,
          room_7, room_8, room_9, room_10, room_11, room_12, room_13, room_14,
          room_15, room_16, room_17, room_18, room_19, room_20, room_21,
          room_22, room_23, room_24, room_25, room_26, room_27]

Skill      XL: |  1  2  3  4  5  6  7  8  9 10 |
---------------+-------------------------------+-----
Dodging        | 3 5 6 8 9 |  9.6
Fire Magic     | 5 6 9 11 12 14 15 16 18 | 18.7
Stealth        | 3 5 6 7 8 9 |  9.3
Spellcasting   | 5 7 8 9 11 12 13 16 | 16.8
Evocations     | 1 2 3 4 5 7 9 |  9.3
Conjurations   | 2 4 5 7 11 | 11.6

Action                   |  1- 3 |  4- 6 |  7- 9 | 10-12 || total
-------------------------+-------+-------+-------+-------++-------
Melee: Lance             |       |       |       |     1 ||     1
 Cast: Fireball          |       |     5 |    16 |    11 ||    32
Evoke: Wand              |     4 |       |       |       ||     4
       Lightning rod     |     4 |       |       |       ||     4
Dodge: Dodged            |       |       |     2 |       ||     2

Table legend: (Time is in decaauts)
 A = Elapsed time spent in this place.
 B = Non-inter-level travel time spent in this place.
 C = Inter-level travel time spent in this place.
 D = Time resting spent in this place.
 E = Time spent auto-exploring this place.
 F = Levels seen in this place.
 G = Mean time per level.
                   A        B        C        D        E       F      G
               +--------+--------+--------+--------+--------+-----+--------+
         Total |   1122 |   1122 |      0 |    758 |      0 |   1 | 1122.0 |
       Dungeon |   1122 |   1122 |      0 |    758 |      0 |   1 | 1122.0 |
               +--------+--------+--------+--------+--------+-----+--------+

Top non-repeatable levels by time:
       D: 1122 daAuts
